AoeStats
← slimshady12

Team Islands

503167341Analyzed
4v4 RM · 2mo ago on Aug 30, 2026· 77m 23s· 8 players
Game mode
Random Map
Map size
242×242
Population
200
Speed
Normal
Resources
Standard
Victory
Conquest
Starting age
Dark Age
Ending age
Imperial Age
RankedLock teamsTeams togetherTeam positionsShared explorationLock speedFull tech treeHidden civsTurbo modeCheats
Victory
Defeat
🇹🇷 Japanese · Türkiye
1206
+14
🇹🇷 Italians · Türkiye
1203
+15
🇹🇷 Vikings · Türkiye
1151
+17
🇹🇷 Dravidians · Türkiye
1111
+19
vs
🇸🇬 Chinese · Singapore
1223
-19
🇨🇳 Georgians · China
1174
-16
1155
-15
🇫🇷 Vikings · France
1141
-15
Gece_Mesaisi
7:24 Loom
11:35 Feudal Age
12:37 Double-Bit Axe
14:13 Town Watch
16:14 Fletching
20:30 Castle Age
18:31 Stone Mining
24:05 Gold Mining
27:44 Imperial Age
27:39 Bow Saw
29:39 Chemistry
28:35 Horse Collar
35:41 Ballistics
35:17 Bodkin Arrow
36:51 Bracer
37:39 Masonry
39:17 Padded Archer Armor
48:53 Elite Genoese Crossbowman
49:57 Conscription
51:08 Conscription
51:57 Leather Archer Armor
54:39 Forging
54:29 Scale Mail Armor
54:31 Squires
60:07 Thumb Ring
59:22 Crossbowman
60:40 Ring Archer Armor
63:04 Squires
63:21 Chain Mail Armor
65:27 Plate Mail Armor
64:44 Arson
67:39 Iron Casting
70:05 Blast Furnace
71:44 Pikeman
slimshady12
7:16 Loom
10:02 Feudal Age
13:41 Double-Bit Axe
17:08 Double-Bit Axe
17:44 Scale Mail Armor
17:54 Forging
17:36 Fletching
17:46 Padded Archer Armor
17:31 Horse Collar
17:43 Gold Mining
19:57 Castle Age
20:00 Stone Mining
20:02 Gold Mining
20:02 Pikeman
21:20 Iron Casting
21:01 Chain Mail Armor
21:53 Chain Mail Armor
28:47 Gold Shaft Mining
32:50 Imperial Age
30:09 Elite Skirmisher
31:59 Bodkin Arrow
32:19 Leather Archer Armor
34:35 Chemistry
34:05 Ballistics
34:58 Blast Furnace
34:28 Plate Mail Armor
36:26 Bracer
36:56 Ring Archer Armor
36:27 Bracer
36:57 Ring Archer Armor
37:01 Town Watch
42:26 Wheelbarrow
41:51 Town Patrol
50:23 Hand Cart
51:03 Stone Mining
51:46 Bow Saw
51:22 Elite Samurai
53:04 Halberdier
60:46 Treadmill Crane
61:17 Masonry
merd
10:33 Feudal Age
11:01 Double-Bit Axe
19:08 Castle Age
17:16 Gold Mining
19:20 Fletching
19:38 Padded Archer Armor
20:33 Gold Shaft Mining
20:52 Bow Saw
21:35 Bodkin Arrow
21:58 Leather Archer Armor
24:04 Ballistics
23:48 Loom
25:34 Stone Mining
26:53 Fishing Lines
33:51 Imperial Age
31:08 Town Watch
35:35 Chemistry
34:36 Bracer
35:07 Ring Archer Armor
35:41 Elite Longship
38:27 Elite Cannon Galleon
40:30 Caravan
44:10 Scale Mail Armor
44:29 Forging
44:54 Pikeman
45:35 Squires
45:52 Chain Mail Armor
45:45 Chieftains
46:09 Conscription
47:11 Iron Casting
47:07 Plate Mail Armor
47:25 Man-at-Arms
47:50 Gambesons
47:52 Arson
49:10 Long Swordsman
51:00 Blast Furnace
51:47 Two-Handed Swordsman
52:41 Bogsveigar
55:39 Champion
69:07 Town Patrol
74:36 Elite Skirmisher
ErsanKuneri
6:47 Loom
14:14 Feudal Age
14:51 Fishing Lines
15:25 Double-Bit Axe
16:47 Town Watch
19:33 Castle Age
18:30 Forging
20:31 Town Patrol
20:31 Gillnets
21:22 Medium Warships
21:21 Stone Mining
22:40 Iron Casting
26:16 Gold Mining
28:12 Wheelbarrow
31:22 Imperial Age
29:00 Scale Mail Armor
32:39 Heavy Warships
33:56 Blast Furnace
33:22 Conscription
33:10 Medical Corps
37:29 Siege Elephant
38:38 Wootz Steel
38:53 Pikeman
40:26 Squires
40:15 Gambesons
40:07 Elite Skirmisher
40:22 Halberdier
41:54 Fletching
42:05 Padded Archer Armor
42:11 Scale Barding Armor
43:08 Bodkin Arrow
44:57 Leather Archer Armor
46:13 Demolition Ship
56:56 Ballistics
56:49 Siphons
59:01 Incendiaries
62:42 Elite Urumi Swordsman
64:11 Thumb Ring
64:27 Onager
66:28 Siege Onager
71:43 Chemistry
70:54 Bracer
smelly
11:39 Feudal Age
12:30 Double-Bit Axe
13:50 Loom
14:12 Horse Collar
14:21 Fishing Lines
16:51 Castle Age
15:33 Gold Mining
16:17 Fletching
18:11 Medium Warships
20:57 Bow Saw
21:46 Bodkin Arrow
27:37 Heavy Plow
29:33 Padded Archer Armor
29:59 Stone Mining
32:44 Leather Archer Armor
32:17 Crossbowman
36:30 Imperial Age
35:15 Gold Shaft Mining
36:37 Arbalester
37:24 Elite Longship
38:18 Bracer
38:56 Ballistics
40:43 Ring Archer Armor
40:38 Conscription
40:53 Careening
43:05 Two-Man Saw
42:24 Bogsveigar
43:15 Elite Skirmisher
61:59 Caravan
8316699
0:30 Loom
10:58 Feudal Age
16:26 Castle Age
15:42 Double-Bit Axe
15:37 Horse Collar
18:36 Bow Saw
22:48 Wheelbarrow
22:13 Fletching
22:23 Padded Archer Armor
22:52 Gold Mining
23:30 Bodkin Arrow
25:21 Heavy Plow
26:03 Leather Archer Armor
26:43 Stone Mining
27:45 Gold Shaft Mining
28:14 Hand Cart
32:39 Imperial Age
31:58 Stone Shaft Mining
33:03 Thumb Ring
33:21 Ballistics
33:13 Masonry
34:29 Chemistry
34:59 Conscription
35:07 Bracer
35:39 Ring Archer Armor
36:12 Two-Man Saw
37:30 Heavy Scorpion
42:06 Rocketry
41:47 Great Wall
42:08 Elite Chu Ko Nu
44:04 Caravan
45:44 Masonry
46:41 Bloodlines
46:31 Husbandry
45:51 Light Cavalry
48:47 Scale Barding Armor
48:53 Forging
49:51 Cavalier
50:35 Scale Mail Armor
50:55 Chain Barding Armor
51:13 Iron Casting
54:02 Capped Ram
57:19 Scale Mail Armor
57:18 Elite Skirmisher
精銳萌古騎豬突猛進
11:49 Feudal Age
11:49 Loom
12:31 Double-Bit Axe
12:39 Gold Mining
20:07 Castle Age
17:54 Town Watch
18:46 Wheelbarrow
19:36 Fletching
19:49 Horse Collar
21:14 Bow Saw
21:41 Gold Shaft Mining
22:55 Ballistics
22:58 Medium Warships
24:31 Careening
24:49 Heavy Plow
30:33 Imperial Age
29:46 Clinker Construction
30:19 Hand Cart
30:04 Town Patrol
35:08 Heavy Warships
34:27 Fishing Lines
36:13 Coinage
36:23 Padded Archer Armor
37:40 Conscription
38:08 Town Patrol
40:13 Chemistry
39:05 Heated Shot
40:40 Hoardings
40:59 Elite Composite Bowman
42:51 Carvel Hull
42:51 Dry Dock
43:11 Cilician Fleet
45:58 Guard Tower
46:20 Masonry
46:11 Bodkin Arrow
49:51 Banking
49:32 Guilds
52:32 Fortified Wall
59:56 Leather Archer Armor
64:44 Bracer
65:15 Ring Archer Armor
67:24 Man-at-Arms
68:45 Long Swordsman
70:05 Squires
70:42 Caravan
70:48 Scale Mail Armor
70:58 Forging
noob9527
4:55 Loom
12:34 Feudal Age
16:40 Castle Age
14:43 Double-Bit Axe
15:31 Stone Mining
17:02 Gold Mining
18:04 Bow Saw
18:44 Fishing Lines
27:19 Wheelbarrow
35:05 Imperial Age
33:28 Scale Barding Armor
35:04 Hand Cart
35:26 Husbandry
35:55 Bloodlines
37:05 Forging
38:23 Conscription
38:19 Light Cavalry
39:23 Chain Barding Armor
39:39 Iron Casting
40:56 Horse Collar
41:56 Plate Barding Armor
42:21 Blast Furnace
42:16 Padded Archer Armor
42:07 Fletching
42:30 Elite Skirmisher
44:42 Chemistry
44:03 Ballistics
43:29 Treadmill Crane
43:59 Masonry
45:10 Svan Towers
49:18 Scale Mail Armor
49:13 Bodkin Arrow
49:34 Leather Archer Armor
50:12 Architecture
49:13 Hussar
51:23 Bracer
51:10 Heavy Cavalry Archer
52:16 Parthian Tactics
52:16 Parthian Tactics
54:27 Siege Engineers
55:27 Coinage
54:58 Caravan
55:52 Heavy Plow
57:42 Chain Mail Armor
Connection lost

Rejoining the realm…

Still unreachable

The connection could not be restored.

Session expired

The server has moved on; the page needs a fresh start.